 Dungeon Crawl Stone Soup version 0.28.0-53-g5a82cb258f (webtiles) character file.

Game seed: 17663754756065141860

177 Eitelfritz the Slasher (level 5, -1/39 HPs)
             Began as a Demonspawn Gladiator on Aug 20, 2022.
             Killed from afar by an orc wizard (10 damage)
             ... with a puff of flame
             ... on level 3 of the Dungeon.
             The game lasted 00:06:13 (2062 turns).

Eitelfritz the Slasher (Demonspawn Gladiator)       Turns: 2062, Time: 00:06:14

Health: -1/39      AC:  5    Str: 16    XL:     5   Next: 30%
Magic:  5/5        EV: 12    Int: 10    God:
Gold:   84         SH:  0    Dex: 14    Spells: 4/4 levels left

rFire   . . .      SeeInvis .   a - +0 long sword
rCold   + . .      Faith    .   (no shield)
rNeg    . . .      Spirit   .   j - +1 leather armour {rC+}
rPois   .          Reflect  .   c - +0 helmet
rElec   .          Harm     .   (no cloak)
rCorr   .          Rampage  .   (no gloves)
Will    .....                   (no boots)
Stlth   +.........              k - amulet of regeneration
HPRegen 0.93/turn               (no ring)
MPRegen 0.09/turn               (no ring)

@: no status effects
A: icemail 1, condensation shield
a: no special abilities


You were on level 3 of the Dungeon.
You visited 1 branch of the dungeon, and saw 3 of its levels.

You collected 126 gold pieces.
You spent 42 gold pieces at shops.

Inventory:

Hand Weapons
 a - a +0 long sword (weapon)
 b - a +0 hunting sling
Missiles
 d - 3 throwing nets (quivered)
 g - 3 boomerangs
 i - 79 stones
Armour
 c - a +0 helmet (worn)
 j - a +1 leather armour of cold resistance (worn)
Jewellery
 k - an amulet of regeneration (around neck)
 p - a +6 ring of intelligence
Wands
 n - a wand of flame (25)
Scrolls
 f - 2 scrolls of teleportation {unknown}
 l - 4 scrolls of identify {unknown}
 o - a scroll of fog {unknown}
 q - a scroll of immolation {unknown}
 r - a scroll of enchant armour {unknown}
Potions
 e - 4 potions of curing
 h - a potion of attraction {unknown}
 m - a potion of might {unknown}
 s - a potion of invisibility {unknown}


   Skills:
 + Level 2.6 Fighting
 + Level 4.4 Long Blades
 + Level 0.7(1.4) Slings
 + Level 1.8(2.0) Throwing
 + Level 1.1 Armour
 + Level 3.2 Dodging
 + Level 0.2 Shields


You had 4 spell levels left.
You didn't know any spells.
Your spell library was empty.

Dungeon Overview and Level Annotations

Branches:
Dungeon (3/15)

Altars:
Beogh

Shops:
D:2 !

Annotations:
D:3 2 transporters, Quickbrownfox's ghost, amateur OpIE


Innate Abilities, Weirdness & Mutations

A meltable icy envelope protects you from harm. (AC +0)
A meltable shield of frost defends you. (SH +0)


Message History

You are more poisoned.
You miss something.
You feel very sick. The orc barely misses you.
Something hits you but does no damage.
You are more poisoned.
You closely miss something.
You feel very sick. The orc barely misses you.
You hear some strange, mumbled words.
A puff of flame appears from out of thin air!
The puff of flame hits you.
Your icy defenses dissipate!
The orc closely misses you.
You barely miss the orc.
You feel very sick. Something hits you.
You are more poisoned.
The orc hits you with a +0 war axe.
You hit the orc.
The orc is severely wounded.
* * * LOW HITPOINT WARNING * * *
You feel very sick. Something hits you.
* * * LOW HITPOINT WARNING * * *
The orc misses you.
You feel better.
An orc wizard appears from thin air!
Reactivating autopickup.
The orc wizard barely misses you. The orc completely misses you.
You barely miss the orc.
The orc is severely wounded.
The orc wizard casts a spell at you. The puff of flame hits you!
* * * LOW HITPOINT WARNING * * *
The orc hits you but does no damage.
The orc wizard hits you with a +1 dagger of venom.
* * * LOW HITPOINT WARNING * * *
You feel better. The orc barely misses you.
The orc wizard casts a spell at you. The puff of flame hits you!
You die...

### ###### ### #
#.##########.@o.# #.####
#...........o##)# #.....
####.############.o.########.###.
...........# $8o8$#.........g.
####.#####.# #..$.$#######.###.
#.# #.# #.8.8.##....#)# #. #.#
#.# ##$_$###..###.# #.
#.#####.##########.#......# ##
..............####.#...####


You could see an orc wizard and an orc.

Vanquished Creatures
  An orc priest (D:3)
  4 gnolls (D:3)
  7 adders
  A worm (D:2)
  2 dart slugs (D:2)
  An orc (D:3)
  4 ball pythons
  3 endoplasms
  A giant cockroach (D:2)
  3 goblins
  4 hobgoblins
  A jackal (D:1)
  A quokka (D:2)
  3 bats
  3 frilled lizards (D:2)
  3 kobolds
  4 rats
46 creatures vanquished.

Notes
Turn   | Place    | Note
-------+----------+-------------------------------------------
     0 | D:1      | Eitelfritz the Demonspawn Gladiator began the quest for the
                  | Orb.
     0 | D:1      | Reached XP level 1. HP: 16/16 MP: 1/1
   598 | D:1      | Gained mutation: A meltable shield of frost defends you.
                  | (SH +0) [demonic ancestry]
   598 | D:1      | Reached XP level 2. HP: 22/22 MP: 2/2
   863 | D:2      | Reached skill level 3 in Long Blades
   894 | D:2      | Gained mutation: A meltable icy envelope protects you from
                  | harm. (AC +0) [demonic ancestry]
   894 | D:2      | Reached XP level 3. HP: 27/27 MP: 3/3
   953 | D:2      | Reached skill level 1 in Armour
  1095 | D:2      | Found Naqygem's Distillery.
  1101 | D:2      | Bought a potion of curing for 42 gold pieces
  1223 | D:2      | Reached XP level 4. HP: 27/34 MP: 4/4
  1414 | D:3      | Found a transporter.
  1417 | D:3      | Noticed Quickbrownfox's ghost (amateur OpIE)
  1428 | D:3      | Found a transporter.
  1483 | D:3      | Found a faded altar of an unknown god.
  1635 | D:3      | Reached skill level 4 in Long Blades
  1647 | D:3      | Reached XP level 5. HP: 35/39 MP: 5/5
  2062 | D:3      | Killed from afar by an orc wizard

Illustrated notes

Levels and vault maps discovered:
D:1:      ncdulo_smallfort, layout_basic, supply_closet_lemuel,
          minmay_split_cup_small
D:2:      layout_basic, serial_shops, shop, minmay_pentomino_pile
D:3:      layout_basic, gammafunk_ghost_mausoleum,
          nicolae_ecumenical_snake_handling, chequers_decorated_corner,
          kennysheep_orc_chapel

Skill      XL: |  1  2  3  4 |
---------------+-------------+-----
Long Blades    | 3 4 |  4.4
Dodging        | 3 |  3.2
Armour         | 1 |  1.1
Fighting       | |  2.6
Slings         | |  0.7
Throwing       | |  1.8
Shields        | |  0.2

Action                   |  1- 3 |  4- 6 || total
-------------------------+-------+-------++-------
Melee: Long sword        |    98 |    69 ||   167
 Fire: Hunting sling     |       |    22 ||    22
  Use: Potion            |       |     2 ||     2
Armor: Ring mail         |     3 |       ||     3
       Leather armour    |    31 |    23 ||    54
Dodge: Dodged            |    75 |    40 ||   115
Block: Other             |    14 |    11 ||    25
